 Dungeon Crawl Stone Soup version 0.28.0 (webtiles) character file.

Game seed: 5426383685004515493

493 AmazingTV the Sneak (level 6, -1/32 HPs)
             Began as a Spriggan Brigand on June 24, 2022.
             Splashed by a jelly's acid (5 damage)
             ... on level 5 of the Dungeon.
             The game lasted 00:14:20 (4157 turns).

AmazingTV the Sneak (Spriggan Brigand)              Turns: 4157, Time: 00:14:20

Health: -1/32      AC:  3    Str:  9    XL:     6   Next: 92%
Magic:  7/7        EV: 16    Int: 12    God:
Gold:   159        SH:  0    Dex: 17    Spells: 5/5 levels left

rFire   . . .      SeeInvis +   a - +2 dagger
rCold   + . .      Faith    .   (no shield)
rNeg    . . .      Spirit   .   v - +0 robe
rPois   .          Reflect  .   (helmet restricted)
rElec   .          Harm     .   c - +0 cloak
rCorr   .          Rampage  .   (gloves unavailable)
Will    +....                   (boots unavailable)
Stlth   ++++......              h - amulet of regeneration
HPRegen 0.90/turn               p - ring of protection from cold
MPRegen 0.10/turn               (no ring)

@: very quick
A: very small, no large weapons, unfitting armour, see invisible, speed 3
a: no special abilities


You were on level 5 of the Dungeon.
You visited 1 branch of the dungeon, and saw 5 of its levels.

You collected 159 gold pieces.

Inventory:

Hand Weapons
 a - a +2 dagger (weapon)
 b - the +6 mace "Qirpholuf" {vorpal, rElec rN+}
   (You found it on level 4 of the Dungeon)

   It inflicts extra damage upon your enemies.
   rElec:     It insulates you from electricity.
   rN:        It protects you from negative energy.
 y - a +0 rapier of holy wrath
Missiles
 d - 7 poisoned darts (quivered)
 e - 2 curare-tipped darts
 l - 155 stones
 t - 26 sling bullets
Armour
 c - a +0 cloak (worn)
 v - a +0 robe (worn)
Jewellery
 h - an amulet of regeneration (around neck)
 p - a ring of protection from cold (left hand)
 s - a ring of ice
 u - a ring of ice
Scrolls
 f - a scroll of enchant weapon {unknown}
 i - 2 scrolls of identify {unknown}
 j - a scroll of torment {unknown}
 k - a scroll of immolation {unknown}
 n - a scroll of magic mapping {unknown}
 w - a scroll of blinking {unknown}
Potions
 g - a potion of invisibility {unknown}
 m - a potion of resistance {unknown}
 o - a potion of lignification {unknown}
 q - 3 potions of attraction {unknown}
 r - a potion of haste {unknown}
 x - 2 potions of curing {unknown}


   Skills:
 + Level 3.0 Fighting
 + Level 4.1 Short Blades
 + Level 3.6(4.6) Slings
 + Level 3.6(4.2) Throwing
 - Level 1.3 Dodging
 + Level 7.7 Stealth


You had 5 spell levels left.
You didn't know any spells.
Your spell library was empty.

Dungeon Overview and Level Annotations

Branches:
Dungeon (5/15)
 Temple: D:4-7

Altars:
Ashenzari


Innate Abilities, Weirdness & Mutations

You are very small and have problems with some larger weapons.
You are too small for most types of armour.
You have supernaturally acute eyesight. (SInv)
You cover ground extremely quickly. (Speed+++)


Message History

d - 5 poisoned darts (gained 1)
d - 6 poisoned darts (gained 1)
d - 7 poisoned darts (gained 1) Done exploring.
Done exploring.
There is a stone staircase leading down here.
You climb downwards.
You hear the hiss of flowing sand.
There is an entrance to an ossuary on this level.
Hurry and find it before the portal is buried!
There is a stone staircase leading up here.
Found a club.
A white imp comes into view.
a - a +2 dagger (weapon)
An ice beast comes into view.
A jelly comes into view. x2
The helpless white imp fails to defend itself.
You stick the white imp like a pincushion!!!
You kill the white imp!
Found a robe.
You see here a +0 robe.
A jelly comes into view.
The jelly quivers.
You hit the jelly.
Your hands burn!
The jelly is moderately wounded.
The jelly hits you.
You are splashed with acid.
You hit the jelly.
Your hands burn!
The jelly is heavily wounded.
The jelly barely misses you.
You completely miss the jelly.
The jelly is heavily wounded.
The jelly closely misses you.
You hit the jelly.
Your hands burn!
The jelly is severely wounded.
The jelly hits you.
You are splashed with acid!
* * * LOW HITPOINT WARNING * * *
You hit the jelly.
Your hands burn!
* * * LOW HITPOINT WARNING * * *
The jelly is severely wounded.
You hit the jelly.
Your hands burn!
You die...

####
#.#.#####..#
#....J@.#..#
####.##.#..#
# #.#.[#
#....##
##....#
#...#.Y.# #
.# ...
###.#...#
.J.. #...#
#.#...# .#.#
#...#
#.#...#


You could see an ice beast and a jelly.

Vanquished Creatures
  Eustachio (D:4)
  Blork the orc (D:4)
  A hound (D:4)
  Crazy Yiuf (D:4)
  A bullfrog skeleton (D:4)
  2 orc wizards (D:4)
  A hound skeleton (D:4)
  4 adders
  A white imp (D:5)
  2 worms (D:2)
  2 dart slugs (D:2)
  3 orcs (D:4)
  6 ball pythons
  A bat skeleton (D:2)
  12 endoplasms
  5 giant cockroaches
  7 goblins
  4 hobgoblins
  4 jackals
  2 quokkas (D:2)
  6 bats
  2 frilled lizards
  6 kobolds
  5 rats
80 creatures vanquished.

Notes
Turn   | Place    | Note
-------+----------+-------------------------------------------
     0 | D:1      | AmazingTV the Spriggan Brigand began the quest for the Orb.
     0 | D:1      | Reached XP level 1. HP: 10/10 MP: 2/2
   340 | D:1      | Reached skill level 6 in Stealth
   459 | D:1      | Reached XP level 2. HP: 15/15 MP: 3/3
   919 | D:1      | Reached skill level 1 in Slings
   930 | D:1      | Found a faded altar of an unknown god.
  1330 | D:2      | Reached XP level 3. HP: 17/18 MP: 4/4
  2168 | D:3      | Reached XP level 4. HP: 23/23 MP: 5/5
  2832 | D:4      | Found a broken altar of Ashenzari.
  3074 | D:4      | Reached XP level 5. HP: 24/27 MP: 6/6
  3122 | D:4      | Noticed Blork the orc
  3125 | D:4      | Killed Blork the orc
  3126 | D:4      | Reached skill level 7 in Stealth
  3169 | D:4      | Noticed Eustachio
  3252 | D:4      | Found a runed translucent door.
  3253 | D:4      | Noticed Crazy Yiuf
  3293 | D:4      | Killed Crazy Yiuf
  3294 | D:4      | Reached XP level 6. HP: 13/32 MP: 7/7
  3364 | D:4      | Identified the +6 mace "Qirpholuf" {vorpal, rElec rN+}
  4066 | D:4      | Killed Eustachio
  4108 | D:5      | Entered Level 5 of the Dungeon
  4115 | D:5      | Noticed an ice beast
  4157 | D:5      | Splashed by a jelly's acid

Illustrated notes

Levels and vault maps discovered:
D:1:      dpeg_arrival_ternary, layout_basic,
          shapermc_ecumenical_altar_mp_ritualfount
D:2:      minmay_razor_zed, layout_loops_ring
D:3:      layout_basic, st_stairs_9
D:4:      layout_basic, cheibrodos_ashenzari_chains, uniq_crazy_yiuf_cottage,
          uniq_eustachio, uniq_blork_the_orc
D:5:      minmay_spotlight, layout_rooms, nicolae_ossuary_entry_false_entrances,
          gammafunk_ghost_nasty_kobolds, minmay_between

Skill      XL: |  1  2  3  4  5  6 |
---------------+-------------------+-----
Stealth        | 6 7 |  7.7
Slings         | 1 2 3 |  3.6
Fighting       | 2 3 |  3.0
Short Blades   | 3 4 |  4.1
Throwing       | 3 |  3.6
Dodging        | |  1.3

Action                   |  1- 3 |  4- 6 || total
-------------------------+-------+-------++-------
Melee: Dagger            |   137 |   163 ||   300
       Punch             |     1 |     2 ||     3
       Mace              |       |     9 ||     9
Throw: Dart              |       |    18 ||    18
 Stab: Sleeping          |    17 |     8 ||    25
       Distracted        |       |     1 ||     1
Armor: Robe              |    25 |    21 ||    46
Dodge: Dodged            |    84 |   135 ||   219
